 Dungeon Crawl Stone Soup version 0.22-a0-587-g7d32d7c (webtiles) character file.

153 Amnesiac the Vandal (level 5, -2/41 HPs)
             Began as a Mummy Fighter on July 4, 2018.
             Slain by a sky beast (3 damage)
             ... on level 4 of the Dungeon.
             The game lasted 00:04:29 (906 turns).

Amnesiac the Vandal (Mummy Fighter)                  Turns: 906, Time: 00:04:30

Health: -2/41      AC: 11    Str: 20    XL:     5   Next: 12%
Magic:  5/5        EV:  4    Int:  8    God:
Gold:   88         SH:  8    Dex: 11    Spells: 4/4 levels left

rFire    . . .     SeeInvis .   a - +0 long sword
rCold    + . .     Gourm    .   c - +0 shield
rNeg     + + +     Faith    .   e - +0 plate armour
rPois    ∞         Spirit   .   (no helmet)
rElec    .         Reflect  .   (no cloak)
rCorr    .         Harm     .   (no gloves)
MR       .....                  (no boots)
Stlth    ..........             (no amulet)
HPRegen  0.13/turn              l - ring of protection from fire
MPRegen  0.09/turn              (no ring)

@: no status effects
A: no food or potions, fire vulnerability, cold resistance 1, negative energy
resistance 3, torment resistance, unbreathing
a: no special abilities


You were on level 4 of the Dungeon.
You were not hungry.

You visited 1 branch of the dungeon, and saw 5 of its levels.

You collected 88 gold pieces.

Inventory:

Hand Weapons
 a - a +0 long sword (weapon)
 b - a +0 hunting sling
Missiles
 i - 25 stones (quivered)
 k - 14 sling bullets
Armour
 c - a +0 shield (worn)
 e - a +0 plate armour (worn)
Jewellery
 l - a ring of protection from fire (left hand)
Wands
 m - a wand of iceblast (7)
Scrolls
 d - a scroll of magic mapping {!r, unknown}
 f - a scroll of amnesia {!r, unknown}
 g - 2 scrolls of identify {!r, unknown}
 h - 2 scrolls of remove curse {!r, unknown}
 j - a scroll of fear {!r, unknown}


   Skills:
 - Level 3.0 Fighting
 - Level 1.5 Long Blades
 * Level 3.1 Slings
 - Level 2.4 Armour
 + Level 2.2 Dodging
 - Level 2.4 Shields


You had 4 spell levels left.
You didn't know any spells.
Your spell library was empty.

Dungeon Overview and Level Annotations

Branches:
Dungeon (5/15)
 Temple: D:4-7

Altars:


Innate Abilities, Weirdness & Mutations

You do not eat or drink.
Your flesh is vulnerable to fire.
You are immune to poison.
Your flesh is cold resistant. (rC+)
You are immune to negative energy. (rN+++)
You are immune to unholy pain and torment.
You can survive without breathing.


Message History

You miss the adder. The adder bites you.
The sky beast flickers out of sight!
Deactivating autopickup; reactivate with Ctrl-A.
The adder bites you but does no damage.
You slash the adder!
You kill the adder!
You enter the shallow water.
Moving in this stuff is going to be slow.
You see here an adder corpse.
Something hits you but does no damage. Something hits you but does no damage.
A sky beast appears from thin air!
Reactivating autopickup.
There is a collapsed entrance here.
You closely miss the sky beast. The sky beast closely misses you.
You riposte.
You closely miss the sky beast. The sky beast closely misses you.
You miss the sky beast. You block the sky beast's attack.
You miss the sky beast. You block the sky beast's attack.
You slash the sky beast!
The sky beast is moderately wounded.
The sky beast hits you but does no damage.
The sky beast hits you. The sky beast shocks you.
You hit the sky beast.
The sky beast is heavily wounded.
The sky beast hits you but does no damage.
You slash the sky beast!
The sky beast is severely wounded.
The sky beast flickers out of sight!
Deactivating autopickup; reactivate with Ctrl-A.
Something hits you but does no damage. x2
You barely miss something. Something hits you but does no damage.
You miss something. Something hits you but does no damage.
You closely miss something.
Something hits you but does no damage. x2
You hit something. Something hits you but does no damage.
Your plate armour prevents you from hitting something.
Something hits you but does no damage. x2
Your shield and plate armour prevent you from hitting something.
Something hits you but does no damage.
Your plate armour prevents you from hitting something.
Something hits you but does no damage. x2
Your shield and plate armour prevent you from hitting something.
Something hits you but does no damage.
You miss something. Something hits you but does no damage.
You miss something.
Something hits you but does no damage. x2
Your shield and plate armour prevent you from hitting something.
Something hits you but does no damage.
You miss something. Something hits you but does no damage.
You miss something.
Something hits you but does no damage. x2
You miss something. Something hits you but does no damage.
You miss something.
Something hits you but does no damage. x2
You miss something. Something hits you. Something shocks you.
You miss something.
Something hits you but does no damage. x2
You miss something. Something hits you but does no damage.
You miss something. Something hits you. Something shocks you.
* * * LOW HITPOINT WARNING * * *
You miss something. Something hits you but does no damage. Something hits you.
* * * LOW HITPOINT WARNING * * *
Something shocks you.
* * * LOW HITPOINT WARNING * * *
You miss something. Something hits you.
* * * LOW HITPOINT WARNING * * *
Something shocks you.
* * * LOW HITPOINT WARNING * * *
You closely miss something. Something hits you.
You die...

.##.#......##.##.........(....#
#
.##...........##†#####.......##
# .####.####.#####≈# #%..##.##
# .# #.##.....# #≈# #.%.##.## #
.# #.##.#.#.#
#≈#####...#.#.#### .#
#.##.......#≈#........###....
.# #.##.#.#
###≈######..#.#.#### .#
#.##..#..###{######.....# .#
#....###.. #@#..........#####
.#######..#.#
#≈######.......... .........#.#
### #....######
##########.###############.#
#.................#
###################


There were no monsters in sight!

Vanquished Creatures
  A scorpion (D:4)
  A centaur skeleton (D:4)
  5 adders
  A worm (D:2)
  A leopard gecko (D:2)
  6 orcs (D:4)
  A bat (D:1)
  A goblin (D:3)
  3 hobgoblins (D:1)
  3 kobolds
  3 frilled lizards
  A leopard gecko skeleton (D:3)
  A quokka skeleton (D:4)
  2 rats
30 creatures vanquished.

Notes
Turn   | Place    | Note
-------+----------+-------------------------------------------
     0 | D:1      | Amnesiac the Mummy Fighter began the quest for the Orb.
     0 | D:1      | Reached XP level 1. HP: 18/18 MP: 1/1
    55 | D:1      | Reached skill level 1 in Dodging
    80 | D:2      | Reached XP level 2. HP: 21/24 MP: 2/2
   262 | D:4      | Reached skill level 1 in Slings
   262 | D:4      | Reached XP level 3. HP: 19/29 MP: 3/3
   327 | D:4      | Noticed a sky beast
   436 | D:5      | Entered Level 5 of the Dungeon
   439 | D:5      | Noticed an ice beast
   489 | D:4      | Reached XP level 4. HP: 19/35 MP: 4/4
   734 | D:4      | Reached XP level 5. HP: 35/41 MP: 5/5
   905 | D:4      | HP: 1/41 [something (5)]
   906 | D:4      | Slain by a sky beast

Vault maps used:
D:1:      dpeg_arrival_central, minmay_statues_item, minmay_misc_feat_pillars
D:2:      minmay_wonky_spiral, yredelemnul_altar_generic, marbit_many_paths,
          chequers_ecumenical_altar_island, corner_web_ring
D:3:      st_stairs_11
D:4:      overflow_temple_1_default, first_ration, portal_sewer_entry_d
D:5:      grunt_gozag_statues, ashenzari_conservatory_becter

Skill      XL: |  1  2  3  4 |
---------------+-------------+-----
Dodging        | 1 2 |  2.2
Slings         | 1 2 3 |  3.1
Fighting       | |  3.0
Long Blades    | |  1.5
Armour         | |  2.4
Shields        | |  2.4

Action                   |  1- 3 |  4- 6 || total
-------------------------+-------+-------++-------
Melee: Long sword        |    77 |   112 ||   189
 Fire: Hunting sling     |     2 |       ||     2
Armor: Scale mail        |     6 |       ||     6
       Plate armour      |    31 |    81 ||   112
Dodge: Dodged            |    11 |    18 ||    29
Block: Shield            |    47 |    43 ||    90
       Rpst.: Long sword |     3 |    10 ||    13

Table legend:
 A = Spawn XP
 B = Non-spawn XP
 C = Spawn XP percentage of total XP
 D = Spawn monster count
 E = Non-spawn monster count
 F = Spawn count percentage of total count
 G = Total turns spent on level
                    A         B        C        D         E        F      G
               +---------+---------+-------+---------+---------+-------+---------
         Total |       0 |     219 |   0.0 |       0 |      30 |   0.0 |   906
               +---------+---------+-------+---------+---------+-------+---------
           D:1 |       0 |      12 |   0.0 |       0 |       7 |   0.0 |    81
           D:2 |       0 |      24 |   0.0 |       0 |       6 |   0.0 |   141
           D:3 |       0 |       3 |   0.0 |       0 |       2 |   0.0 |    38
           D:4 |       0 |     180 |   0.0 |       0 |      15 |   0.0 |   640
               +---------+---------+-------+---------+---------+-------+---------
